 Dungeon Crawl Stone Soup version 0.31-a0-1074-g0b22e4e0f1 (webtiles) character file.

Game seed: 5084438630109184133

32 porpoise the Shooter (level 3, -2/28 HPs)
             Began as a Human Hunter on Dec 1, 2023.
             Slain by Terence
             ... wielding a +2 trident of flaming
              (7 damage)
             ... on level 2 of the Dungeon.
             The game lasted 00:02:35 (917 turns).

porpoise the Shooter (Human Hunter)                  Turns: 917, Time: 00:02:35

Health: -2/28      AC:  4    Str: 11    XL:     3   Next: 42%
Magic:  3/3        EV: 12    Int:  9    God:
Gold:   18         SH:  0    Dex: 18    Spells: 2/2 levels left

rFire   . . .        a - +0 shortbow
rCold   . . .        (shield currently unavailable)
rNeg    . . .        c - +0 leather armour
rPois   .            h - +0 helmet
rElec   .            (no cloak)
rCorr   .            (no gloves)
SInv    .            (no boots)
Will    .....        (no amulet)
Stlth   ++           (no ring)
HPRegen 0.24/turn    (no ring)
MPRegen 0.08/turn

%: no passive effects
@: no status effects
A: no striking features
a: no special abilities


You were on level 2 of the Dungeon.
You visited 1 branch of the dungeon, and saw 2 of its levels.

You collected 18 gold pieces.

Inventory:

Hand Weapons
 a - a +0 shortbow (weapon)
Armour
 c - a +0 leather armour (worn)
 h - a +0 helmet (worn)
Scrolls
 b - a scroll of butterflies
 d - a scroll of fear {unknown}
 e - a scroll of enchant weapon {unknown}
 f - a scroll of fog {unknown}
 k - a scroll of teleportation {unknown}
 l - a scroll of poison {unknown}
Potions
 g - a potion of brilliance {unknown}
 i - a potion of curing {unknown}
 j - a potion of heal wounds {unknown}


   Skills:
 + Level 2.5 Fighting
 * Level 4.7 Ranged Weapons
 - Level 2.0 Dodging
 - Level 1.0 Stealth


You had 2 spell levels left.
You didn't know any spells.
Your spell library was empty.

Dungeon Overview and Level Annotations

Branches:
Dungeon (2/15)

Altars:

Annotations:
D:2 Terence


Message History

You shoot an arrow.
The arrow hits Terence but does no damage.
Terence is moderately wounded.
Terence hits you from afar with a +2 trident of flaming!
Terence burns you.
You shoot an arrow.
The arrow hits Terence but does no damage.
Terence is moderately wounded.
Terence barely misses you.
You shoot an arrow. The arrow hits Terence.
Terence is moderately wounded.
A bat comes into view.
Terence hits you from afar with a +2 trident of flaming.
Terence burns you.
Terence hits you from afar with a +2 trident of flaming!
Terence burns you.
* * * LOW HITPOINT WARNING * * *
Fire: a) +0 shortbow
Press: ? - help, Q - select action Shift-Dir - straight line, f/p - Terence
Aim: Terence, wielding a +2 trident of flaming and wearing a +0 scale mail (moderately wounded, 68% to hit)
You shoot an arrow.
The arrow hits Terence but does no damage.
Terence is moderately wounded.
Terence barely misses you.
Fire: a) +0 shortbow
Press: ? - help, Q - select action Shift-Dir - straight line, f/p - Terence
Aim: Terence, wielding a +2 trident of flaming and wearing a +0 scale mail (moderately wounded, 68% to hit)
You shoot an arrow. The arrow barely misses Terence.
The bat barely misses you.
Terence shouts, "Get ready for death!"
Terence misses you.
Fire: a) +0 shortbow
Press: ? - help, Q - select action Shift-Dir - straight line, f/p - Terence
Aim: Terence, wielding a +2 trident of flaming and wearing a +0 scale mail (moderately wounded, 68% to hit)
You shoot an arrow. The arrow hits Terence!
Terence is severely wounded.
The bat closely misses you.
Terence hits you from afar with a +2 trident of flaming!
You die...
Terence says, "Rest in peace."

.#.## #.#.... ....#..........
....# ## ..............#
....##...... ..............# .
#......##.. ##..............#
.###.#.##.##.###..@............#
.......##.##.##b@..............#
.##...# #.......#....#........##
.....># #.#..#..#####....<.....#
.##...###...#...# #..........#
.##.#.......#.#.# #......@...#
....####..#...#.# #........^.#
..### #..#..#..# #..........#
..# #..#....## #.........## #.#
#..##...# ..#......##


You could see Terence and a bat.

Vanquished Creatures
  A dart slug (D:1)
  A bat (D:1)
  5 endoplasms
  A giant cockroach (D:1)
  5 hobgoblins
  2 kobolds (D:1)
  A quokka (D:1)
  3 ball pythons (D:1)
  2 frilled lizards (D:1)
  2 goblins
  2 rats (D:1)
25 creatures vanquished.

Notes
Turn   | Place    | Note
-------+----------+-------------------------------------------
     0 | D:1      | porpoise the Human Hunter began the quest for the Orb.
     0 | D:1      | Reached XP level 1. HP: 16/16 MP: 1/1
    49 | D:1      | Reached XP level 2. HP: 22/22 MP: 2/2
   561 | D:1      | Reached XP level 3. HP: 28/28 MP: 3/3
   756 | D:2      | Noticed Terence
   917 | D:2      | Slain by Terence

Illustrated notes

Levels and vault maps discovered:
D:1:      dpeg_arrival_pits, layout_basic
D:2:      layout_rooms, basic_altar, hellmonk_ecumenical_altar_watching_god,
          minmay_misc_feat_x, mrwooster_statue_mirror, minivault_25,
          uniq_terence

Action                     || total
---------------------------++-------
   Fire: Shortbow          ||    91
 Armour: Leather armour    ||    20
  Dodge: Dodged            ||    28

Table legend: (Time is in decaauts)
 A = Elapsed time spent in this place.
 B = Non-inter-level travel time spent in this place.
 C = Inter-level travel time spent in this place.
 D = Time resting spent in this place.
 E = Time spent auto-exploring this place.
 F = Levels seen in this place.
 G = Mean time per level.
                   A        B        C        D        E       F      G
               +--------+--------+--------+--------+--------+-----+--------+
         Total |    937 |    896 |     41 |     86 |    644 |   2 |  468.5 |
       Dungeon |    937 |    896 |     41 |     86 |    644 |   2 |  468.5 |
               +--------+--------+--------+--------+--------+-----+--------+

Top non-repeatable levels by time:
     D:1: 860 daAuts
     D:2: 77 daAuts
